AoeStats
← Blyad _Mann

Fortress

507557453Analyzed
4v4 RM · 14d ago on Sep 18, 2026· 78m 5s· 8 players
Game mode
Random Map
Map size
Huge
Population
200
Speed
Normal
Resources
Standard
Victory
Conquest
Starting age
Dark Age
Ending age
Imperial Age
RankedLock teamsTeams togetherTeam positionsShared explorationLock speedFull tech treeHidden civsTurbo modeCheats
Victory
Defeat
🇨🇳 Khmer · China
1049
+16
🇫🇷 Bohemians · France
1031
+17
🇬🇧 Saracens · United Kingdom
1031
+17
🇨🇦 Portuguese · Canada
993
+18
🇦🇷 Romans · Argentina
1089
-19
🇩🇪 Malians · Germany
1051
-17
🇩🇪 Britons · Germany
1034
-16
🇳🇱 Tupi · Netherlands
1021
-16
king vitt
0:29 Loom
7:50 Feudal Age
12:39 Castle Age
10:50 Horse Collar
10:58 Double-Bit Axe
13:45 Wheelbarrow
15:20 Hand Cart
19:16 Bow Saw
19:09 Heavy Plow
21:48 Gold Mining
26:46 Scale Barding Armor
28:06 Fortified Wall
29:11 Ballistics
29:47 Chain Barding Armor
31:19 Husbandry
31:29 Bloodlines
34:18 Imperial Age
35:35 Double Crossbow
35:55 Conscription
34:57 Elite Ballista Elephant
37:54 Siege Engineers
40:47 Plate Barding Armor
41:16 Chemistry
39:53 Heavy Scorpion
40:49 Caravan
40:49 Light Cavalry
41:43 Forging
44:53 Capped Ram
50:09 Iron Casting
50:00 Siege Ram
59:05 Onager
BJL
5:18 Loom
7:15 Feudal Age
12:06 Castle Age
10:13 Double-Bit Axe
10:32 Horse Collar
11:49 Gold Mining
13:09 Bow Saw
19:56 Wheelbarrow
22:34 Hand Cart
28:09 Imperial Age
29:01 Ballistics
28:32 Fletching
30:28 Chemistry
29:34 Bodkin Arrow
32:10 Bracer
32:15 Arquebus
32:35 Conscription
34:44 Bombard Tower
35:50 Masonry
35:31 Elite Organ Gun
36:51 Siege Engineers
38:19 Architecture
37:44 Murder Holes
38:50 Treadmill Crane
42:17 Fortified Wall
Doofy69
7:03 Feudal Age
11:45 Castle Age
9:36 Double-Bit Axe
12:45 Bow Saw
13:18 Horse Collar
14:30 Heavy Plow
21:32 Loom
24:10 Husbandry
24:21 Bloodlines
25:08 Wheelbarrow
30:21 Imperial Age
28:23 Forging
28:29 Treadmill Crane
29:10 Ballistics
29:10 Hand Cart
28:42 Town Watch
30:35 Crossbowman
31:20 Thumb Ring
31:37 Fletching
31:49 Padded Archer Armor
32:06 Scale Barding Armor
32:37 Iron Casting
31:33 Arbalester
32:05 Onager
33:12 Leather Archer Armor
32:53 Bodkin Arrow
35:01 Siege Onager
36:26 Stone Mining
36:27 Gold Mining
37:39 Two-Man Saw
37:04 Siege Engineers
37:09 Elite Mameluke
38:10 Conscription
39:00 Chain Barding Armor
39:40 Blast Furnace
40:27 Capped Ram
42:30 Siege Ram
47:22 Caravan
48:18 Coinage
52:20 Light Cavalry
55:07 Gold Shaft Mining
55:08 Banking
57:49 Chemistry
60:17 Counterweights
66:44 Ring Archer Armor
66:14 Bracer
66:50 Plate Barding Armor
77:50 Spies/Treason
Bloups3000
2:37 Loom
7:39 Feudal Age
7:52 Feudal Age
8:27 Double-Bit Axe
12:13 Castle Age
10:00 Horse Collar
13:18 Bow Saw
13:11 Heavy Plow
18:51 Fletching
19:02 Padded Archer Armor
19:55 Town Watch
21:12 Wheelbarrow
25:01 Ballistics
24:52 Fortified Wall
26:30 Bodkin Arrow
26:04 Elite Skirmisher
28:56 Hand Cart
32:25 Imperial Age
29:50 Town Watch
32:30 Chemistry
32:59 Leather Archer Armor
33:47 Conscription
34:55 Bracer
37:27 Ring Archer Armor
38:35 Houfnice
45:16 Town Patrol
54:53 Caravan
68:46 Masonry
68:31 Murder Holes
76:12 Guilds
76:36 Architecture
76:09 Squires
Blyad _Mann
0:27 Loom
8:22 Feudal Age
14:56 Castle Age
12:47 Double-Bit Axe
12:53 Horse Collar
13:30 Gold Mining
13:55 Fletching
14:05 Padded Archer Armor
14:38 Stone Mining
16:03 Bow Saw
16:34 Wheelbarrow
20:53 Bodkin Arrow
22:57 Leather Archer Armor
22:53 Forging
22:44 Scale Mail Armor
24:27 Ballistics
24:26 Hand Cart
26:01 Squires
25:46 Arson
31:06 Imperial Age
28:48 Heavy Plow
31:31 Caciques
33:43 Curare
34:57 Conscription
33:58 Elite Blackwood Archer
35:12 Ring Archer Armor
34:43 Bracer
36:18 Chemistry
35:40 Champi Runner
37:02 Chain Mail Armor
37:23 Iron Casting
36:53 Champi Warrior
37:50 Elite Champi Warrior
39:34 Plate Mail Armor
41:34 Two-Man Saw
40:47 Elite Champi Warrior
43:11 Gold Shaft Mining
43:50 Murder Holes
43:47 Guard Tower
43:42 Arrowslits
43:39 Treadmill Crane
45:41 Keep
49:24 Caravan
68:40 Elite Skirmisher
Kailer
6:50 Feudal Age
10:52 Castle Age
9:11 Scale Mail Armor
9:36 Forging
9:20 Horse Collar
9:47 Double-Bit Axe
10:19 Loom
11:05 Scale Mail Armor
16:17 Iron Casting
20:15 Bow Saw
20:45 Wheelbarrow
21:19 Chain Mail Armor
26:59 Hand Cart
30:17 Town Watch
35:24 Imperial Age
33:09 Town Patrol
35:35 Heavy Plow
35:30 Fletching
35:47 Scale Barding Armor
35:55 Bloodlines
35:45 Husbandry
35:06 Light Cavalry
35:44 Elite Gbeto
36:45 Conscription
36:26 Tigui
38:17 Chain Barding Armor
38:28 Plate Mail Armor
38:17 Bodkin Arrow
39:56 Plate Barding Armor
50:24 Crop Rotation
66:52 Cavalier
Carbenok
8:35 Feudal Age
12:14 Castle Age
10:17 Double-Bit Axe
11:21 Fletching
12:08 Gold Mining
14:37 Bodkin Arrow
15:14 Bow Saw
18:01 Horse Collar
24:38 Yeomen
25:20 Ballistics
26:23 Wheelbarrow
33:19 Imperial Age
34:56 Gold Shaft Mining
34:32 Elite Longbowman
35:30 Bracer
35:31 Padded Archer Armor
36:12 Hand Cart
37:53 Conscription
37:34 Loom
37:35 Town Watch
39:56 Hoardings
40:24 Chemistry
51:17 Leather Archer Armor
56:09 Coinage
59:51 Scale Barding Armor
59:09 Light Cavalry
59:50 Husbandry
62:04 Chain Barding Armor
Arcalon
8:32 Feudal Age
9:32 Double-Bit Axe
12:55 Castle Age
11:40 Horse Collar
12:27 Loom
15:02 Wheelbarrow
15:41 Heavy Plow
15:58 Man-at-Arms
16:43 Long Swordsman
18:23 Bow Saw
18:45 Scale Mail Armor
18:56 Forging
20:52 Gold Mining
23:46 Chain Mail Armor
23:41 Forging
23:34 Squires
27:07 Forging
27:23 Pikeman
30:57 Scale Barding Armor
31:28 Iron Casting
31:59 Ballistas
32:19 Hand Cart
34:36 Gold Shaft Mining
34:56 Ballistics
37:42 Imperial Age
36:36 Chain Barding Armor
37:04 Stone Mining
38:33 Heavy Scorpion
40:03 Conscription
44:19 Light Cavalry
45:09 Bloodlines
44:59 Husbandry
45:22 Town Watch
48:53 Blast Furnace
48:29 Plate Barding Armor
51:05 Chemistry
50:16 Masonry
49:32 Capped Ram
50:24 Legionary
50:50 Siege Ram
53:01 Devotion
54:38 Crop Rotation
55:06 Siege Engineers
56:38 Comitatenses
63:33 Elite Centurion
Connection lost

Rejoining the realm…

Still unreachable

The connection could not be restored.

Session expired

The server has moved on; the page needs a fresh start.